Selects Special Operations Battlegroup
Selects M29 Weasel Recon Vehicle
Construct Weapon Support Center
Construct Medical Station
Construct Medical Station
Selects SSF Commando Squad
Selects P-47 Anti-Infantry Loiter
M4(105) Sherman Bulldozer
P-47 Anti-Infantry Loiter
Selects UNKNOWN (2162291)
P-47 Anti-Infantry Loiter
M18 Hellcat Tank Destroyer
M18 Hellcat Tank Destroyer
P-47 Anti-Infantry Loiter
M18 Hellcat Tank Destroyer
M18 Hellcat Tank Destroyer